 Dungeon Crawl Stone Soup version 0.30.1-6-gbe392663c4 (webtiles) character file.

Game seed: 10027496844074361402

242 Kurtz the Chopper (level 6, 0/37 HPs)
             Began as a Tengu Fighter on Sept 20, 2023.
             Slain by a howler monkey (2 damage)
             ... on level 4 of the Dungeon.
             The game lasted 00:01:25 (2882 turns).

Kurtz the Chopper (Tengu Fighter)                   Turns: 2882, Time: 00:01:25

Health: 0/37       AC: -1    Str: 18    XL:     6   Next: 9%
Magic:  7/7        EV: 10    Int:  8    God:
Gold:   90         SH:  5    Dex: 14    Spells: 5/5 levels left

rFire   . . .        j - +2 mace (drain)
rCold   . . .        c - +0 buckler
rNeg    . . .        b - +0 scale mail
rPois   .            (helmet restricted)
rElec   .            (no cloak)
rCorr   .            (no gloves)
SInv    .            (boots unavailable)
Will    .....        (no amulet) Stlth
                     (no ring)
HPRegen 0.26/turn    (no ring)
MPRegen 0.10/turn

%: no passive effects
@: corroded, flying quickly and evasively, quick
A: beak, talons 3, nimble flight
a: no special abilities


You were on level 4 of the Dungeon.
You visited 1 branch of the dungeon, and saw 4 of its levels.

You collected 90 gold pieces.

Inventory:

Hand Weapons
 a - a +0 war axe
 j - a +2 mace of draining (weapon)
Armour
 b - a +0 scale mail (worn)
 c - a +0 buckler (worn)
Jewellery
 f - a ring of magical power
Wands
 n - a wand of polymorph (7)
 o - a wand of light (5)
Scrolls
 e - 4 scrolls of identify {unknown}
 g - a scroll of fog {unknown}
 k - a scroll of teleportation {unknown}
 m - a scroll of enchant weapon {unknown}
 q - a scroll of blinking {unknown}
 r - a scroll of magic mapping {unknown}
Potions
 d - a potion of might
 h - 2 potions of invisibility {unknown}
 i - 2 potions of curing {unknown}
 l - a potion of lignification {unknown}
 p - a potion of heal wounds {unknown}


   Skills:
 - Level 3.0 Fighting
 * Level 6.8 Axes
 - Level 3.2 Armour
 - Level 3.0 Shields


You had 5 spell levels left.
You didn't know any spells.
Your spell library was empty.

Dungeon Overview and Level Annotations

Branches:
Dungeon (3/15)

Altars:
Nemelex Xobeh

Shops:
D:4 =

Annotations:
D:3 1 runed translucent door, Psyclone's ghost, amateur DEVM


Innate Abilities, Weirdness & Mutations

You have a beak for a mouth.
You have claws for feet.
Your magical nature lets you fly swiftly and evasively.


Message History

The howler monkey attacks as you move away!
The howler monkey hits you!
* * * LOW HITPOINT WARNING * * *
You block the howler monkey's attack.
An endoplasm comes into view.
You see here a ball python corpse.
The howler monkey attacks as you move away!
The howler monkey hits you!
* * * LOW HITPOINT WARNING * * *
You hit the howler monkey but do no damage.
You drain the howler monkey. You peck the howler monkey.
The howler monkey is moderately wounded.
The howler monkey barely misses you.
You hit the howler monkey but do no damage.
You drain the howler monkey.
The howler monkey is heavily wounded.
The howler monkey hoots and howls with incredible vigour!
The howler monkey barely misses you.
You hear a bark!
You hear a shout! x5; You hear an angry hiss.
You hit the howler monkey but do no damage.
You claw the howler monkey, but do no damage.
Your peck misses the howler monkey.
The howler monkey is heavily wounded.
The howler monkey barely misses you.
You closely miss the howler monkey.
The howler monkey is heavily wounded.
The howler monkey barely misses you. The howler monkey hits you.
* * * LOW HITPOINT WARNING * * *
You hit the howler monkey. Your kick misses the howler monkey.
You peck the howler monkey, but do no damage.
The howler monkey is severely wounded.
A hound comes into view.
The howler monkey completely misses you.
The hound moves out of view.
You hit the howler monkey but do no damage.
You drain the howler monkey. Your kick misses the howler monkey.
You peck the howler monkey, but do no damage.
The howler monkey is almost dead.
The howler monkey closely misses you. The howler monkey hits you.
You die...

.#...##
#.#
##..##...#
......
.#.#.# ###
...##<.##
....##
...#.#
#.#...#
....#
..##.#
#...#.#
....#
..##...
##..##.#
.##....
##..###.#
....##.
##...# #.#
(.### .
#...## ..#
..# #.#@#
.## ..#
#.#h#
#...# #
#K## #....
#J.# .##.
#.†.# .#
...#...
#....
###..
#...# ##
+...


You could see a howler monkey (very drained), an endoplasm and a kobold.

Vanquished Creatures
  A jelly (D:4)
  Natasha (thrice) (D:2)
  An iguana (D:4)
  A gnoll (D:1)
  3 adders (D:4)
  3 worms
  A dart slug (D:1)
  4 orcs (D:4)
  5 ball pythons
  7 endoplasms
  2 giant cockroaches
  4 goblins
  4 hobgoblins
  3 jackals (D:2)
  3 quokkas
  9 bats
  2 kobolds (D:1)
  6 rats
62 creatures vanquished.

Notes
Turn   | Place    | Note
-------+----------+-------------------------------------------
     0 | D:1      | Kurtz the Tengu Fighter began the quest for the Orb.
     0 | D:1      | Reached XP level 1. HP: 14/14 MP: 2/2
   176 | D:1      | Reached skill level 3 in Axes
   176 | D:1      | Reached XP level 2. HP: 19/19 MP: 3/3
   234 | D:1      | Found a faded altar of an unknown god.
   418 | D:1      | Reached XP level 3. HP: 23/23 MP: 4/4
   469 | D:1      | Reached skill level 4 in Axes
   839 | D:2      | Noticed Natasha
   856 | D:2      | Killed Natasha
   857 | D:2      | Reached XP level 4. HP: 8/28 MP: 5/5
  1154 | D:2      | Noticed Natasha
  1159 | D:2      | Killed Natasha
  1160 | D:2      | Reached skill level 5 in Axes
  1692 | D:2      | Noticed Natasha
  1700 | D:2      | Killed Natasha
  1701 | D:2      | Gained mutation: Your magical nature lets you fly swiftly
                  | and evasively. [Tengu growth]
  1701 | D:2      | Reached XP level 5. HP: 16/32 MP: 6/6
  2196 | D:3      | Found a runed translucent door.
  2198 | D:3      | Noticed Psyclone's ghost (amateur DEVM)
  2340 | D:3      | You are sucked into a shaft and drop 1 floor!
  2345 | D:4      | Found a sparkling altar of Nemelex Xobeh.
  2371 | D:4      | Reached skill level 6 in Axes
  2814 | D:4      | Found Uzue's Jewellery Shop.
  2816 | D:4      | Identified the +10 short sword "Larhess" {distort, rF+ rN+
                  | Dex-3}
  2865 | D:4      | Reached XP level 6. HP: 21/37 MP: 7/7
  2882 | D:4      | Slain by a howler monkey

Illustrated notes

Levels and vault maps discovered:
D:1:      lightli_arrival_noodles, layout_basic, ebering_ecumenical_altar_rust
D:2:      layout_basic, uniq_natasha
D:3:      layout_basic, ebering_ghost_reflecting_pool, minmay_circle_x
D:4:      layout_rooms, nicolae_overflow_crystal_walls,
          lemuel_temple_firewalk_b, serial_shops,
          nicolae_shop_just_a_little_nook, nicolae_shop_bloodbath_and_beyond,
          minmay_fractal_squares_diagonal_5

Skill      XL: |  1  2  3  4  5 |
---------------+----------------+-----
Axes           | 3 4 5 6 |  6.8
Fighting       | |  3.0
Armour         | |  3.2
Shields        | |  3.0

Action                     |  1- 3 |  4- 6 || total
---------------------------+-------+-------++-------
  Melee: War axe           |    66 |    14 ||    80
         Kick              |     9 |    27 ||    36
         Peck              |     7 |    12 ||    19
         Mace              |       |    63 ||    63
 Armour: Scale mail        |    24 |    19 ||    43
  Dodge: Dodged            |    33 |    42 ||    75
  Block: Buckler           |    11 |    13 ||    24
